 Dungeon Crawl Stone Soup version 0.14-a0-181-gf6fe0c6 (webtiles) character file.

248 Malachi the Insei (level 5, -1/33 HPs)
             Began as an Octopode Transmuter on Oct 7, 2013.
             Slain by an orc wizard
             ... wielding a -1,+1 orcish dagger
              (3 damage)
             ... on Level 3 of the Dungeon.
             The game lasted 00:03:37 (2473 turns).

Malachi the Insei (Octopode Transmuter)             Turns: 2473, Time: 00:03:37

HP  -1/33        AC  1     Str  9      XL: 5   Next: 22%
MP   7/7         EV 13     Int 16      God:
Gold 109         SH  0     Dex 13      Spells:  1 memorised,  7 levels left

Res.Fire  : . . .   See Invis. : .     - Unarmed
Res.Cold  : . . .   Warding    : .   (no shield)
Life Prot.: . . .   Conserve   : .   (helmet restricted)
Res.Poison: .       Res.Corr.  : .   (no amulet)
Res.Elec. : .       Clarity    : .   (no ring)
Sust.Abil.: . .     Spirit.Shd : .   (no ring)
Res.Mut.  : .       Stasis     : .   (no ring)
Res.Rott. : .       Flight     : .   (no ring)
Saprovore : . . .                    (no ring)
                                     (no ring)
                                     (no ring)
                                     (no ring)

@: appendage (expiring), slightly resistant to hostile enchantments, stealthy
A: almost no armour, amphibious, 8 rings, constrict 8, spike 3, camouflage 1, AC
+1
a: End Transformation


You were on level 3 of the Dungeon.
You were not hungry.
One of your tentacles had a temporary spike.
You visited 1 branch of the dungeon, and saw 3 of its levels.

You collected 89 gold pieces.

Inventory:

Missiles
 b - 12 arrows
 n - 6 javelins (quivered)
Comestibles
 a - a bread ration
 c - an orange
 f - 2 apples
Scrolls
 g - 2 scrolls of identify {unknown}
 h - 2 scrolls of remove curse {unknown}
 i - a scroll of teleportation {unknown}
 m - a scroll of recharging {unknown}
 o - a scroll of magic mapping {unknown}
 p - a scroll of curse armour {unknown}
 q - a scroll of enchant weapon I {unknown}
 r - a scroll of amnesia {unknown}
Potions
 e - a potion of confusion {unknown}
 j - 3 potions of curing {unknown}
 k - a potion of might {unknown}
 l - a potion of degeneration {unknown}
Books
 d - a book of Changes

   Spells                             Type                      Level
   *Beastly Appendage                 Transmutation                1
   Sticks to Snakes                   Transmutation                2
   Spider Form                        Transmutation/Poison         3
   Ice Form                           Ice/Transmutation            4
   Blade Hands                        Transmutation                5


   Skills:
 + Level 1.3 Fighting
 + Level 3.0 Dodging
 + Level 1.3 Stealth
 * Level 4.6 Unarmed Combat
 + Level 2.1 Spellcasting
 + Level 2.4 Transmutations


You had 7 spell levels left.
You knew the following spells:

 Your Spells              Type           Power        Failure   Level  Hunger
a - Beastly Appendage     Trmt           #.....       10%         1    #......


Dungeon Overview and Level Annotations

Branches:
Dungeon (3/27)

Altars:
Nemelex Xobeh


Innate Abilities, Weirdness & Mutations

You cannot wear most types of armour.
You are amphibious.
You can wear up to eight rings at the same time.
You can use your tentacles to constrict many enemies at once.
Your skin changes colour to match your surroundings (Stlth).
Your rubbery body absorbs attacks (AC +1).
One of your tentacles bears a large vicious spike.


Message History

The orc wizard is heavily wounded.
You constrict the orc wizard.
The orc wizard casts a spell.
The orc wizard struggles to blink free from constriction.
You hit the orc wizard but do no damage.
You pierce the orc wizard, but do no damage.
The orc wizard is heavily wounded.
You constrict the orc wizard, but do no damage.
The orc wizard barely misses you.
You hit the orc wizard.
The orc wizard is heavily wounded.
Your transformation is almost over.
You constrict the orc wizard.
The orc wizard hits you with an orcish dagger.
* * * LOW HITPOINT WARNING * * *
You hit the orc wizard. Your squeeze misses the orc wizard.
The orc wizard is severely wounded.
You constrict the orc wizard, but do no damage.
The orc wizard hits you with an orcish dagger.
You die...

...........# #.
#...(......# #[
#..........#####.
#%.........##....
#...(......##....
####.###......)...##....
........................
#####.###..........##....
.......o@........(...([..
#####.###........(.####..
##....###%.(.......# #..
#...r.o)............. ...
#.o.o.############.####..
... #.# ... . #.# ... #.#
. ...


You could see an orc wizard.

Vanquished Creatures
  A hound (D:2)
  4 adders
  A gnoll (D:2)
  A worm (D:3)
  A giant gecko (D:2)
  5 orcs (D:3)
  A ball python (D:1)
  6 bats
  A giant cockroach (D:3)
  7 goblins
  9 hobgoblins
  8 kobolds
  An ooze (D:1)
  2 quokkas
  2 giant newts
  6 rats
56 creatures vanquished.

Notes
Turn   | Place    | Note
--------------------------------------------------------------
     0 | D:1      | Malachi, the Octopode Transmuter, began the quest for the Orb.
     0 | D:1      | Reached XP level 1. HP: 13/13 MP: 1/1
    44 | D:1      | Reached XP level 2. HP: 5/18 MP: 3/3
   760 | D:1      | Found a sparkling altar of Nemelex Xobeh.
   927 | D:1      | Reached XP level 3. HP: 21/23 MP: 4/4
  1415 | D:2      | Reached skill level 4 in Unarmed Combat
  1455 | D:2      | Reached skill level 1 in Stealth
  1455 | D:2      | Reached XP level 4. HP: 19/28 MP: 6/6
  2271 | D:3      | Reached XP level 5. HP: 23/33 MP: 7/7
  2473 | D:3      | Slain by an orc wizard

Action                   |  1- 3 |  4- 6 || total
-------------------------+-------+-------++-------
Melee: Unarmed           |    70 |    64 ||   134
 Cast: Beastly Appendage |     1 |     4 ||     5
 Stab: Distracted        |     1 |       ||     1
       Sleeping          |       |     2 ||     2
